 Dungeon Crawl Stone Soup version 0.21.1-1-g345015f (webtiles) character file.

60 Iko the Skirmisher (level 4, 0/41 HPs)
             Began as a Gnoll Abyssal Knight on June 11, 2018.
             Was a Follower of Lugonu.
             Slain by an orc wizard
             ... wielding a +0 dagger
              (3 damage)
             ... on level 4 of the Dungeon.
             The game lasted 00:04:52 (498 turns).

Iko the Skirmisher (Gnoll Abyssal Knight)            Turns: 498, Time: 00:04:53

Health: 0/41       AC:  3    Str: 17    XL:     4   Next: 6%
Magic:  7/7        EV: 13    Int: 15    God:    Lugonu [*.....]
Gold:   85         SH:  0    Dex: 15    Spells: 5/5 levels left

rFire    . . .     SeeInvis .   c - +0 club
rCold    . . .     Gourm    .   (no shield)
rNeg     . . .     Faith    .   a - +0 leather armour
rPois    .         Spirit   .   (no helmet)
rElec    .         Reflect  .   (no cloak)
rCorr    .         Harm     .   (no gloves)
MR       .....                  (no boots)
Stlth    ++........             (no amulet)
HPRegen  0.13/turn              f - +3 ring of strength
MPRegen  0.10/turn              (no ring)

@: lethally poisoned (0 -> -5)
A: distributed training, fangs 1, strong nose
a: Depart the Abyss, Renounce Religion


You were on level 4 of the Dungeon.
You worshipped Lugonu.
Lugonu was aware of your devotion.
You were not hungry.

You visited 1 branch of the dungeon, and saw 4 of its levels.
You visited the Abyss 1 time.

You collected 85 gold pieces.

Inventory:

Hand Weapons
 c - a +0 club (weapon)
 e - a +0 hunting sling
Armour
 a - a +0 leather armour (worn)
Jewellery
 f - a +3 ring of strength (left hand)
Wands
 d - a wand of random effects (25)
Comestibles
 b - a ration


   Skills:
 + Level 6.5 Fighting
 + Level 1.0 Short Blades
 + Level 1.0 Long Blades
 + Level 1.0 Axes
 + Level 1.0 Maces & Flails
 + Level 1.0 Polearms
 + Level 1.0 Staves
 + Level 1.0 Slings
 + Level 1.0 Bows
 + Level 1.0 Crossbows
 + Level 1.0 Throwing
 + Level 4.6 Armour
 + Level 2.7 Dodging
 + Level 1.0 Stealth
 + Level 1.0 Shields
 + Level 4.6 Unarmed Combat
 + Level 1.0 Spellcasting
 + Level 0.7 Conjurations
 + Level 0.7 Hexes
 + Level 0.7 Charms
 + Level 0.7 Summonings
 + Level 0.7 Necromancy
 + Level 0.7 Translocations
 + Level 0.7 Transmutations
 + Level 0.7 Fire Magic
 + Level 0.7 Ice Magic
 + Level 0.7 Air Magic
 + Level 0.7 Earth Magic
 + Level 0.7 Poison Magic
 + Level 4.6 Invocations
 + Level 1.0 Evocations


You had 5 spell levels left.
You didn't know any spells.

Dungeon Overview and Level Annotations

Branches:
Dungeon (4/15)
 Temple: D:4-7

Altars:
Yredelemnul

Annotations:
D:4 Eustachio


Innate Abilities, Weirdness & Mutations

Your experience applies equally to all skills.
You have very sharp teeth.
Your uncanny sense of smell can sniff out nearby items.


Message History

Your Spellcasting skill increases to level 1!
Your Evocations skill increases to level 1!
You have reached level 4!
You feel agile.
You feel sick.
You hit something but do no damage. You punch something. You bite something.
You feel sick. Something hits you.
* * * LOW HITPOINT WARNING * * *
Something hits you.
* * * LOW HITPOINT WARNING * * *
You closely miss something. You bite something.
* * * LOW HITPOINT WARNING * * *
You feel sick. Something hits you but does no damage.
You hit something. Something hits you but does no damage.
You miss something.
* * * LOW HITPOINT WARNING * * *
You feel sick.
The iron imp disappears in a puff of smoke!
Something hits you.
You die...

#...# #...#
..#####...#
........<.# ....
..####....# ....
###....# ..<..
##......# .?...
#..###### ......
∆ #@## ...
..$...####{##..#
.....@.#.or...#
....O)..bO#####
.........r#
...........#
........##..#
........# #...
........# ##..#


You could see an ogre, an orc, a quokka, a bat and a rat.

Vanquished Creatures
  An orc wizard (D:4)
  2 adders
  A leopard gecko (D:4)
  An orc (D:4)
  A giant cockroach (D:4)
  3 goblins
  2 hobgoblins
  A kobold (D:2)
  2 frilled lizards
  3 rats
17 creatures vanquished.

Notes
Turn   | Place    | Note
-------+----------+-------------------------------------------
     0 | Abyss:1  | Iko the Gnoll Abyssal Knight began the quest for the Orb.
     0 | Abyss:1  | Reached XP level 1. HP: 23/23 MP: 3/3
    56 | Abyss:1  | Found a corrupted altar of Lugonu.
    85 | Abyss:1  | Found a corrupted altar of Lugonu.
   170 | Abyss:1  | Noticed a large abomination
   196 | Abyss:1  | Noticed a small abomination
   208 | Abyss:1  | Noticed a large abomination
   228 | Abyss:1  | Noticed a flayed ghost
   232 | Abyss:1  | Noticed a raiju
   234 | Abyss:1  | Noticed an iron imp
   235 | D:1      | Escaped the Abyss
   302 | D:2      | Found a basalt altar of Yredelemnul.
   318 | D:2      | Reached XP level 2. HP: 22/29 MP: 5/5
   406 | D:3      | Reached * piety under Lugonu
   467 | D:4      | Reached XP level 3. HP: 35/35 MP: 6/6
   468 | D:4      | Noticed Eustachio
   470 | D:4      | Noticed an ogre
   494 | D:4      | Reached skill level 1 in Short Blades
   494 | D:4      | Reached skill level 1 in Long Blades
   494 | D:4      | Reached skill level 1 in Axes
   494 | D:4      | Reached skill level 1 in Maces & Flails
   494 | D:4      | Reached skill level 1 in Polearms
   494 | D:4      | Reached skill level 1 in Staves
   494 | D:4      | Reached skill level 1 in Slings
   494 | D:4      | Reached skill level 1 in Bows
   494 | D:4      | Reached skill level 1 in Crossbows
   494 | D:4      | Reached skill level 1 in Throwing
   494 | D:4      | Reached skill level 1 in Stealth
   494 | D:4      | Reached skill level 1 in Shields
   494 | D:4      | Reached skill level 1 in Spellcasting
   494 | D:4      | Reached skill level 1 in Evocations
   494 | D:4      | Reached XP level 4. HP: 10/41 MP: 7/7
   498 | D:4      | Slain by an orc wizard

Skill      XL: |  1  2  3 |
---------------+----------+-----
Short Blades   | 1 |  1.0
Long Blades    | 1 |  1.0
Axes           | 1 |  1.0
Maces & Flails | 1 |  1.0
Polearms       | 1 |  1.0
Staves         | 1 |  1.0
Slings         | 1 |  1.0
Bows           | 1 |  1.0
Crossbows      | 1 |  1.0
Throwing       | 1 |  1.0
Stealth        | 1 |  1.0
Shields        | 1 |  1.0
Spellcasting   | 1 |  1.0
Evocations     | 1 |  1.0
Fighting       | |  6.5
Armour         | |  4.6
Dodging        | |  2.7
Unarmed Combat | |  4.6
Conjurations   | |  0.7
Hexes          | |  0.7
Charms         | |  0.7
Summonings     | |  0.7
Necromancy     | |  0.7
Translocations | |  0.7
Transmutations | |  0.7
Fire Magic     | |  0.7
Ice Magic      | |  0.7
Air Magic      | |  0.7
Earth Magic    | |  0.7
Poison Magic   | |  0.7
Invocations    | |  4.6

Action                   |  1- 3 |  4- 6 || total
-------------------------+-------+-------++-------
Melee: Unarmed           |    15 |       ||    15
       Club              |    40 |     4 ||    44
       Bite              |     6 |     2 ||     8
       Punch             |       |     1 ||     1
Invok: Depart the Abyss  |     1 |       ||     1
Evoke: Wand              |     5 |       ||     5
  Use: Potion            |     1 |       ||     1
Armor: Leather armour    |    15 |     1 ||    16
Dodge: Dodged            |    45 |       ||    45
